 Dungeon Sprint DCSS version 0.17-a0-764-gd40c196 (webtiles) character file.

97 lorenzova the Spear-Bearer (level 4, -8/40 HPs)
             Began as a Merfolk Gladiator on Apr 23, 2015.
             Was an Initiate of Okawaru.
             Mangled by an unseen horror (11 damage)
             ... in the Dungeon (Sprint IX: "|||||||||||||||||||||||||||||").
             The game lasted 00:02:31 (316 turns).

lorenzova the Spear-Bearer (Merfolk Gladiator)       Turns: 316, Time: 00:02:31

Health: -8/40      AC: 11    Str: 16    XL:     4   Next: 68%
Magic:  4/4        EV: 16    Int: 10    God:    Okawaru [......]
Gold:   0          SH:  0    Dex: 14    Spells: 0 memorised, 3 levels left

rFire  . . .     SeeInvis .     p - +2 halberd (protect)
rCold  . . .     Clarity  .     b - +0 leather armour
rNeg   . . .     SustAb   .     (no shield)
rPois  .         Gourm    .     c - +0 helmet
rElec  .         Spirit   .     (no cloak)
rCorr  .         Warding  .     (no gloves)
rMut   .         NoTele   +     (no boots)
MR     .....                    (no amulet)
Stlth  +.........               r - +3 ring of intelligence
                                q - +2 ring of protection

@: not resistant to hostile enchantments, very unstealthy
A: change form in water, swift swim
a: Renounce Religion


You were in the Dungeon.
You worshipped Okawaru.
Okawaru was noncommittal.
You were not hungry.

You visited 1 branch

Inventory:

Hand weapons
 a - a +0 trident
 p - a +2 halberd of protection (weapon)
Missiles
 d - 3 throwing nets (quivered)
Armour
 b - a +0 leather armour (worn)
 c - a +0 helmet (worn)
Jewellery
 q - a +2 ring of protection (left hand)
 r - a +3 ring of intelligence (right hand)
Magical devices
 o - a wand of fire (3)
Scrolls
 k - 2 scrolls of blinking
 m - 3 scrolls of remove curse
 n - 2 scrolls of amnesia
Potions
 f - 5 potions of curing
 g - 3 potions of heal wounds
 h - a potion of haste
 i - 4 potions of magic
 j - a potion of berserk rage
 l - a potion of invisibility
Comestibles
 e - a bread ration


   Skills:
 + Level 5.9 Fighting
 + Level 8.6 Polearms
 - Level 2.0 Throwing
 + Level 7.7 Dodging


You had 3 spell levels left.
You didn't know any spells.

Dungeon Overview and Level Annotations

Branches:
Dungeon (1/1)

Altars:
Cheibriados
Dithmenos
Elyvilon
Fedhas
Gozag
Kikubaaqudgha
Makhleb
Nemelex Xobeh
Okawaru
Qazlal
Ru
Sif Muna
Trog
Vehumet
Xom
Yredelemnul
Zin
The Shining One
Beogh
Jiyva
Lugonu


Message History

Zapping:
o - a wand of fire (5)
Press: ? - help, Shift-Dir - straight line, f/p - worker ant
Aim: a worker ant The bolt of fire hits something.
The bolt of fire hits the worker ant.
The worker ant is heavily wounded.
The bolt of fire hits the quasit.
The quasit resists.
The quasit is severely wounded.
This wand has 4 charges left.
Something completely misses you. Something hits you.
* * * LOW HITPOINT WARNING * * *
Evoke which item? (* to show all) (? for menu, Esc to quit)
Zapping:
o - a wand of fire (4)
Press: ? - help, Shift-Dir - straight line, f/p - worker ant
Aim: a worker ant (heavily wounded)
The bolt of fire hits something.
The bolt of fire hits the worker ant.
You kill the worker ant!
Okawaru accepts your kill.
The bolt of fire misses the quasit.
This wand has 3 charges left.
Something hits you!
You die...

▓.▓
▓.▓
▓|▓
▓)▓
▓[▓
▓[▓
▓[▓
▓.▓
▓@▓
▓'▓
▓†▓
▓5▓
▓†▓
▓)▓
▓.▓
▓.▓
▓+▓


You could see a quasit.

Vanquished Creatures
  A giant frog (D)
  A worker ant (D)
  A shadow imp (D)
  A bat (D)
  A bat zombie (D)
  A giant cockroach (D)
  A ball python (D)
  A giant cockroach zombie (D)
  2 giant newts (D)
  A goblin (D)
  2 kobolds (D)
  A rat (D)
14 creatures vanquished.

Notes
Turn   | Place    | Note
--------------------------------------------------------------
     0 | D        | lorenzova, the Merfolk Gladiator, began the quest for the Orb.
     0 | D        | Reached XP level 1. HP: 16/16 MP: 1/1
    17 | D        | Reached skill level 5 in Polearms
   122 | D        | Reached XP level 2. HP: 17/24 MP: 2/2
   130 | D        | Reached skill level 5 in Dodging
   222 | D        | Found a glowing silver altar of Zin.
   222 | D        | Found a glowing golden altar of the Shining One.
   222 | D        | Found an ancient bone altar of Kikubaaqudgha.
   222 | D        | Found a basalt altar of Yredelemnul.
   222 | D        | Found a shimmering altar of Xom.
   222 | D        | Found a radiant altar of Vehumet.
   222 | D        | Found an iron altar of Okawaru.
   223 | D        | Found a burning altar of Makhleb.
   224 | D        | Found a deep blue altar of Sif Muna.
   225 | D        | Found a bloodstained altar of Trog.
   226 | D        | Found a sparkling altar of Nemelex Xobeh.
   227 | D        | Found a white marble altar of Elyvilon.
   228 | D        | Found a roughly hewn altar of Beogh.
   229 | D        | Found a viscous altar of Jiyva.
   230 | D        | Found a corrupted altar of Lugonu.
   231 | D        | Found a blossoming altar of Fedhas.
   232 | D        | Found a snail-covered altar of Cheibriados.
   233 | D        | Found a shadowy altar of Dithmenos.
   234 | D        | Found a stormy altar of Qazlal.
   235 | D        | Found an opulent altar of Gozag.
   236 | D        | Found a sacrificial altar of Ru.
   273 | D        | Became a worshipper of Warmaster Okawaru
   308 | D        | Noticed a worker ant
   308 | D        | Noticed a quasit
   308 | D        | Noticed a giant frog
   313 | D        | Reached skill level 6 in Polearms
   314 | D        | Killed a giant frog
   314 | D        | Reached skill level 5 in Fighting
   314 | D        | Reached skill level 7 in Polearms
   314 | D        | Reached XP level 3. HP: 7/33 MP: 3/3
   314 | D        | Reached XP level 4. HP: 8/39 MP: 4/4
   314 | D        | Reached skill level 8 in Polearms
   316 | D        | Killed a worker ant
   316 | D        | Mangled by an unseen horror

Action                   |  1- 3 |  4- 6 || total
-------------------------+-------+-------++-------
Melee: Trident           |    38 |       ||    38
       Halberd           |     4 |       ||     4
Evoke: Wand              |     1 |     3 ||     4
 Stab: Sleeping          |     1 |       ||     1
